 Dungeon Sprint DCSS version 0.29.1-15-g9cfb28693d (webtiles) character file.

Game seed: 1978436746678992348

385 Groucho the Covert (level 6, -1/28 HPs)
             Began as a Spriggan Earth Elementalist on Mar 28, 2023.
             Was an Initiate of Dithmenos.
             Killed from afar by a deep elf pyromancer (12 damage)
             ... with a bolt of fire
             ... in the Dungeon (Sprint III: "The Ten Rune Challenge").
             The game lasted 00:07:18 (1487 turns).

Groucho the Covert (Spriggan Earth Elementalist)    Turns: 1487, Time: 00:07:19

Health: -1/28      AC:  2    Str:  6    XL:     6   Next: 48%
Magic:  3/15       EV: 20    Int: 16    God:    Dithmenos [......]
Gold:   35         SH:  0    Dex: 16    Spells: 12/16 levels left

rFire   . . .      SeeInvis +   h - +0 rapier
rCold   . . .      Faith    .   (no shield)
rNeg    . . .      Spirit   .   a - +0 robe
rPois   .          Reflect  .   (helmet restricted)
rElec   .          Harm     .   (no cloak)
rCorr   .          Rampage  .   (gloves unavailable)
Will    +....      NoTele   +   (boots unavailable)
Stlth   +++++.....              (no amulet)
HPRegen 0.09/turn               (no ring)
MPRegen 0.14/turn               (no ring)

@: very slightly contaminated, very quick
A: very small, no large weapons, unfitting armour, see invisible, speed 3
a: Renounce Religion


You were in the Dungeon.
You worshipped Dithmenos.
Dithmenos was noncommittal.
You visited 1 branch You collected 35 gold pieces.

Inventory:

Hand Weapons
 h - a +0 rapier (weapon)
Armour
 a - a +0 robe (worn)
Wands
 i - a wand of roots (9)
Scrolls
 c - a scroll of torment {unknown}
 g - a scroll of blinking
 j - 2 scrolls of identify {unknown}
 l - a scroll of immolation {unknown}
Potions
 b - 3 potions of magic
 d - a potion of heal wounds
 e - a potion of haste
 f - a potion of berserk rage
 k - 6 potions of mutation
 m - 2 potions of flight


   Skills:
 + Level 4.6 Short Blades
 + Level 6.3 Dodging
 * Level 10.2 Stealth
 + Level 5.9 Spellcasting
 * Level 4.5 Conjurations
 - Level 1.3 Transmutations
 * Level 6.3 Earth Magic
 + Level 4.2 Invocations


You had 12 spell levels left.
You knew the following spells:

 Your Spells              Type           Power      Damage    Failure   Level
a - Sandblast             Erth           50%        2d12      1%          1
b - Stone Arrow           Conj/Erth      44%        3d9       4%          3

Your spell library contained the following spells:

 Spells                   Type           Power      Damage    Failure   Level
 Passwall                 Tmut/Erth      14%        N/A       4%          2
 Petrify                  Tmut/Erth      17%        N/A       28%         4


Dungeon Overview and Level Annotations

Branches:
Dungeon (1/1)

Altars:
Dithmenos
Okawaru
Ru
Trog
Uskayaw
Wu Jian
Yredelemnul


Innate Abilities, Weirdness & Mutations

You are very small and have problems with some larger weapons.
You are too small for most types of armour.
You have supernaturally acute eyesight. (SInv)
You cover ground extremely quickly. (Speed+++)


Message History

Nothing appears to happen.
Unknown command.
Unknown command.
Casting: Stone Arrow (dangerous; 4% risk of failure)
Confirm with . or Enter, or press ? or * to list all spells.
Aiming: Stone Arrow (dangerous; 4% risk of failure)
Press: ? - help, Shift-Dir - straight line, f - deep elf pyromancer, p - human
Aim: a deep elf pyromancer, wielding a +1 long sword of holy wrath (moderately wounded, 60% to hit)
The stone arrow misses the human.
The stone arrow hits the deep elf pyromancer!
The deep elf pyromancer is severely wounded.
The deep elf pyromancer gestures wildly while chanting.
The deep elf pyromancer blinks!
Unknown command.
Casting: Stone Arrow (dangerous; 4% risk of failure)
Confirm with . or Enter, or press ? or * to list all spells.
Aiming: Sandblast (safe; 1% risk of failure)
Press: ? - help, Shift-Dir - straight line, f/p - deep elf pyromancer
Aim: a deep elf pyromancer, wielding a +1 long sword of holy wrath (severely wounded, 76% to hit)
The blast of sand hits the deep elf pyromancer!
The deep elf pyromancer is almost dead.
The human completely misses you.
Unknown command.
The deep elf pyromancer hits you with a +1 long sword of holy wrath.
The deep elf pyromancer drinks a potion.
The deep elf pyromancer is healed!
Casting: Sandblast (safe; 1% risk of failure)
Confirm with . or Enter, or press ? or * to list all spells.
Aiming: Sandblast (safe; 1% risk of failure)
Press: ? - help, Shift-Dir - straight line, f/p - deep elf pyromancer
Aim: a deep elf pyromancer, wielding a +1 long sword of holy wrath (severely wounded, 76% to hit)
The blast of sand hits the deep elf pyromancer.
The deep elf pyromancer is almost dead.
The fire elemental hits you. The fire elemental burns you!
The human drinks a potion.
The human goes berserk!
Unknown command.
The human rages.
The deep elf pyromancer casts a spell at you.
The bolt of fire hits you!
You die...

▓...#......#####..# #___#__
▓..##....)..#..#..# #__.#†_
▓##.##.##...#..#..###'#'###'#
##.##.###..##'#..#..........
▓#.####.##..###...'.⌠☼○......
▓.###..##..####.°.#...######+
▓#.....##..###.°..#.⌠.#
###..##...##e☼...#...#
##..##....#@Ep...#+###
#..###..##.#.....# #..#
#..#####....# ▓▓▓▓ ▓▓▓▓
▓▓▓▓▓▓


You could see a deep elf pyromancer, a fire elemental (summoned) and a human
(berserk).

Vanquished Creatures
  A water elemental (D)
  A necrophage (D)
  A scorpion (D)
  Jessica (D)
  A necromancer (D)
  2 humans (D)
  2 rats (D)
9 creatures vanquished.

Notes
Turn   | Place    | Note
-------+----------+-------------------------------------------
     0 | D        | Groucho the Spriggan Earth Elementalist began the quest for
                  | the Orb.
     0 | D        | Reached XP level 1. HP: 9/9 MP: 5/5
    30 | D        | Noticed Jessica
    36 | D        | Killed Jessica
    37 | D        | Reached skill level 1 in Short Blades
    37 | D        | Reached skill level 5 in Stealth
    37 | D        | Reached skill level 1 in Conjurations
    37 | D        | Reached skill level 1 in Invocations
    37 | D        | Reached XP level 2. HP: 13/13 MP: 2/7
   263 | D        | Noticed a scorpion
   358 | D        | Reached XP level 3. HP: 16/16 MP: 3/9
   367 | D        | Learned a level 3 spell: Stone Arrow
   509 | D        | Killed a scorpion
   510 | D        | Reached skill level 6 in Stealth
   510 | D        | Reached XP level 4. HP: 18/21 MP: 4/11
   746 | D        | Noticed a water elemental
   779 | D        | Killed a water elemental
   780 | D        | Reached skill level 5 in Dodging
   780 | D        | Reached skill level 7 in Stealth
   780 | D        | Reached skill level 5 in Earth Magic
   780 | D        | Reached XP level 5. HP: 24/24 MP: 7/13
  1057 | D        | Found a shadowy altar of Dithmenos.
  1058 | D        | Found a basalt altar of Yredelemnul.
  1058 | D        | Found a sacrificial altar of Ru.
  1060 | D        | Reached skill level 8 in Stealth
  1060 | D        | Reached skill level 5 in Spellcasting
  1062 | D        | Reached skill level 9 in Stealth
  1065 | D        | Became a worshipper of Dithmenos the Shadowed
  1073 | D        | Found a hide-covered altar of Uskayaw.
  1073 | D        | Found an iron altar of Okawaru.
  1075 | D        | Found a bloodstained altar of Trog.
  1076 | D        | Noticed a human
  1076 | D        | Noticed a human
  1076 | D        | Found an ornate altar of the Wu Jian Council.
  1476 | D        | Killed a human
  1476 | D        | Noticed a deep elf pyromancer
  1477 | D        | Reached skill level 10 in Stealth
  1477 | D        | Reached XP level 6. HP: 28/28 MP: 12/15
  1478 | D        | Noticed a fire elemental
  1487 | D        | Killed from afar by a deep elf pyromancer

Illustrated notes

Levels and vault maps discovered:
D:        dungeon_sprint_mu [sprint_mu_entry_cave, sprint_mu_temple_rooms,
          sprint_mu_d1_horrors, sprint_mu_d2_genie, sprint_mu_d3_branching,
          sprint_mu_orc_legion, sprint_mu_elf_gauntlet, sprint_mu_hive_nellie,
          sprint_mu_lair_fedhas, sprint_mu_vaults_butterflies,
          sprint_mu_slime_circle, sprint_mu_shoals_kraken,
          sprint_mu_snake_twists, sprint_mu_blade_basic,
          sprint_mu_crypt_chambers, sprint_mu_tomb_spiral,
          sprint_mu_vestibule_basic, sprint_mu_gehenna_hellfire,
          sprint_mu_dis_giant, sprint_mu_tartarus_statrot,
          sprint_mu_cocytus_islands, sprint_mu_zot1]

Skill      XL: |  1  2  3  4  5 |
---------------+----------------+-----
Short Blades   | 1 2 3 4 |  4.6
Dodging        | 3 4 5 6 |  6.3
Stealth        | 5 6 7 10 | 10.2
Spellcasting   | 3 4 5 |  5.9
Conjurations   | 1 2 3 4 |  4.5
Earth Magic    | 3 4 5 6 |  6.3
Invocations    | 1 2 3 4 |  4.2
Transmutations | |  1.3

Action                   |  1- 3 |  4- 6 || total
-------------------------+-------+-------++-------
Melee: Rapier            |       |     1 ||     1
 Cast: Sandblast         |    25 |    21 ||    46
       Stone Arrow       |       |     2 ||     2
  Use: Potion            |     1 |       ||     1
 Stab: Sleeping          |       |     1 ||     1
Dodge: Dodged            |     5 |     5 ||    10
